 Dungeon Crawl Stone Soup version 0.17-a0-1718-g72dbe4d (webtiles) character file.

37 KambridgeKobold the Sneak (level 3, -1/16 HPs)
             Began as a Spriggan Enchanter on Aug 26, 2015.
             Slain by a gnoll
             ... wielding a +0 spear
              (9 damage)
             ... on level 2 of the Dungeon.
             The game lasted 00:04:14 (1374 turns).

KambridgeKobold the Sneak (Spriggan Enchanter)      Turns: 1374, Time: 00:04:15

Health: -1/16      AC:  3    Str:  5    XL:     3   Next: 23%
Magic:  9/9        EV: 13    Int: 16    God:
Gold:   61         SH:  0    Dex: 16    Spells: 2 memorised, 6 levels left

rFire  . . .     SeeInvis +     a - +1 dagger
rCold  . . .     Clarity  .     b - +1 robe
rNeg   . . .     SustAt   .     (shield restricted)
rPois  .         Gourm    .     (helmet restricted)
rElec  .         Spirit   .     (no cloak)
rCorr  .         Warding  .     (gloves unavailable)
rMut   .         Stasis   .     (boots unavailable)
MR     .....                    (no amulet)
Stlth  +++.......               (no ring)
                                (no ring)

@: very quick, not resistant to hostile enchantments, fairly stealthy
A: unfitting armour, see invisible, herbivore 3, speed 3, slow metabolism 2
a: no special abilities


You were on level 2 of the Dungeon.
You were not hungry.

You visited 1 branch of the dungeon, and saw 2 of its levels.

You collected 61 gold pieces.

Inventory:

Hand weapons
 a - a +1 dagger (weapon)
Missiles
 k - 107 stones (quivered)
 n - 2 throwing nets
Armour
 b - a +1 robe (worn)
Scrolls
 g - 2 scrolls of enchant armour {unknown}
 h - 2 scrolls of identify {unknown}
 i - a scroll of immolation {unknown}
 o - a scroll of enchant weapon {unknown}
Potions
 e - a potion of resistance {unknown}
 j - a potion of heal wounds {unknown}
 l - a potion of might {unknown}
 m - a potion of curing {unknown}
Books
 c - a book of Maledictions

   Spells                             Type                      Level
   a - Corona                         Hexes                        1
   b - Ensorcelled Hibernation        Hexes/Ice                    2
   c - Confuse                        Hexes                        3
   d - Tukima's Dance                 Hexes                        3
   e - Dazzling Spray                 Conjuration/Hexes            3
Comestibles
 d - a bread ration
 f - 9 fruits


   Skills:
 + Level 2.2 Short Blades
 - Level 3.0 Dodging
 + Level 5.0 Stealth
 + Level 3.5 Spellcasting
 - Level 3.6 Hexes


You had 6 spell levels left.
You knew the following spells:

 Your Spells              Type           Power        Failure   Level  Hunger
a - Corona                Hex            ##.....      4%          1    None
b - Ensorcelled Hibernat  Hex/Ice        #.....       14%         2    ##.....


Dungeon Overview and Level Annotations

Branches:
Dungeon (2/15)

Altars:


Innate Abilities, Weirdness & Mutations

You are tiny and cannot use many weapons and most armour.
You have supernaturally acute eyesight.
You are a herbivore.
You cover ground extremely quickly.
You need consume almost no food.


Message History

There is a stone staircase leading down here.
There is a stone staircase leading down here.
You start resting.
Magic restored.
You start resting.
HP restored.
You climb downwards.
A giant newt, a giant gecko, 3 gnolls and a kobold come into view.
The gnoll shouts! x3
The giant newt closely misses you.
The gnoll hits you from afar with a spear!
Ouch! That really hurt!
The giant newt barely misses you.
Found four items.
An adder comes into view.
There is a stone staircase leading up, spattered with blood here.
The gnoll closely misses you.
The gnoll hits you from afar with a spear!
Ouch! That really hurt!
You die...

.# .# .##. .#.
#.. #######..#
#....gg..#
##......l.#
..S....@g.#
#.........#
....l........
##........####
#....[....#
...#......#
".##......# ##
#.K)...#


You could see 3 gnolls, an adder, a giant gecko, a kobold and a giant newt.

Vanquished Creatures
  A gnoll (D:1)
  5 giant cockroaches (D:1)
  2 goblins (D:1)
  6 hobgoblins
  2 jackals (D:2)
  4 bats (D:1)
  3 giant newts (D:1)
  2 kobolds (D:1)
  3 rats
28 creatures vanquished.

Notes
Turn   | Place    | Note
--------------------------------------------------------------
     0 | D:1      | KambridgeKobold the Spriggan Enchanter began the quest for the Orb.
     0 | D:1      | Reached XP level 1. HP: 9/9 MP: 5/5
   351 | D:1      | Reached XP level 2. HP: 10/13 MP: 6/6
   809 | D:1      | Learned a level 2 spell: Ensorcelled Hibernation
   994 | D:1      | Reached XP level 3. HP: 16/16 MP: 6/8
  1061 | D:1      | Reached skill level 5 in Stealth
  1374 | D:2      | Slain by a gnoll

Vault maps used:
D:1:      dpeg_arrival_water_fire
D:2:      roderic_malta_cross, fountainhead, uniq_sigmund

Action                   || total
-------------------------++-------
Melee: Dagger            ||    84
 Cast: Corona            ||     5
       Ensorcelled Hiber ||     4
 Stab: Sleeping          ||    15
       Distracted        ||     1
